Jonadab, neutral male human Tourist ---------- # |.<......| --------- ---#####-........| ....... .|# ###----|----- -- -.....- ---------.|# # ## |% |...@.+ |(((|...|.|### # |.%|.....| |(((|...|.|# ### @.|.....| ... ...|.|# # --|-.....-----|---|--.|# ### | --+---+--.....................|) # |.............'......{..........|### # | -|---+---...@--|---...........-# # # ----.|....|)----|----.|# ### # |.|....|.+.%|....|.|# # # +.|.(_.|.|..|....|.|# #%# ------.- |.|....|.|..|....|.|# # |......| -.------.---------.|########.......| . . .| |......| --- --- --- -------- Jonadab the Excursionist Experience level: 8 Strength: 18/01 Dexterity: 11 Constitution: 16 Intelligence: 13 Wisdom: 10 Charisma: 16 Health: 0(62) Energy: 38(38) AC: 10 Gold: 170 Moves: 6944 Your Inventory: Coins $ - 170 gold pieces Weapons e - 29 uncursed [+0] darts f - 2 uncursed [+0] runed daggers [elven] Armor l - an uncursed +0 Hawaiian shirt J - an uncursed +0 splint mail R - an uncursed +0 pair of hard shoes [iron] Comestibles g - 2 uncursed tripe rations q - an uncursed lizard corpse Tools b - an uncursed bag [of holding] k - an uncursed key [skeleton key] v - 4 uncursed [tallow] candles M - an uncursed [wax] candle T - an uncursed partly used [wax] candle Gems i - an uncursed orange gem [worthless glass] X - an uncursed blue gem [worthless glass] Y - an uncursed violet gem [worthless glass] Contents of the bag of holding: 1630 gold pieces 4 uncursed [tallow] candles 2 uncursed red gems [worthless glass] Spells known in the end: Name Level Category Fail Memory Your skills at the end: Fighting Skills body armor [Basic] Weapon Skills dagger [Skilled] dart [Basic] Spellcasting Skills Final Attributes: You were piously aligned. Hunger level was 904. Your alignment was 44 / 44. Monster difficulty range was 1 - 7. Level difficulty was 6. Your luck was zero. You are dead. Vanquished creatures: a tengu 2 ettin zombies a crocodile a giant spider a black light 2 dwarf mummies a yeti a gold golem a lizard a jaguar 2 blue jellies 2 ravens 8 human zombies a fire ant an orc shaman 4 enormous rats 2 fog clouds a shrieker a violet fungus 6 gnome lords 3 gnomish wizards 2 kobold mummies a ghoul a straw golem a wax golem 6 giant ants 4 floating eyes 7 dwarves a rothe a rabid rat a giant bat 3 orc zombies an iguana 3 acid blobs 2 coyotes a gas spore 4 hobbits 3 large kobolds 3 hobgoblins a giant rat a brown mold a red mold 18 gnomes 5 geckos 11 jackals 2 foxes 3 kobolds 2 goblins a sewer rat 7 grid bugs 4 bats 7 lichens a kobold zombie 152 creatures vanquished. Voluntary challenges: You used a wielded weapon 192 times. You read items or engraved 30 times. You put on armor 12 times. You never genocided any monsters. You never polymorphed an object. You never changed form. You used no wishes. You wrote Elbereth's name 19 times. You never encountered a bones level. You never used any Sokoban shortcuts. Dungeon overview: The Dungeons of Doom: levels 1 to 7 Level 1 a long staircase Level 2 a potion shop, some fountains Level 3 (StashOne) a fountain stairs to The Gnomish Mines Level 4 a general store Level 6 some fountains Level 7 ( ) a fountain stairs to Sokoban The Gnomish Mines: levels 4 to 6 Level 4 stairs to The Dungeons of Doom Level 6 <- You were here some shops, a temple, a magic chest, some fountains Sokoban: levels 4 to 6 Level 6 a magic chest stairs to The Dungeons of Doom History has recorded: On T:1 you entered the Dungeons of Doom to retrieve the Amulet of Yendor! On T:231 you reached level 2 of The Dungeons of Doom. On T:513 you reached level 3 of The Dungeons of Doom. On T:836 you reached level 1 of The Gnomish Mines. On T:914 you reached level 4 of The Dungeons of Doom. On T:1231 you reached level 5 of The Dungeons of Doom. On T:1573 you reached level 6 of The Dungeons of Doom. On T:1800 you advanced to experience level 2. On T:1879 you advanced to experience level 3. On T:2066 you advanced to experience level 4. On T:2097 you reached level 7 of The Dungeons of Doom. On T:2652 you advanced to experience level 5. On T:2833 you reached level 3 of Sokoban. On T:3392 you advanced to experience level 6. On T:3644 you reached level 2 of Sokoban. On T:4009 you reached level 1 of Sokoban. On T:4502 you advanced to experience level 7. On T:5172 you reached level 2 of The Gnomish Mines. On T:5665 you reached level 3 of The Gnomish Mines. On T:5870 you advanced to experience level 8. Latest messages: The beautiful wood nymph seduces you and you start taking off your shirt. [HP-8=21] The gold golem hits! (2x) The wood nymph stole an uncursed lamp. The wood nymph stole an uncursed wand of light. [HP-10=11] The wood nymph stole a blessed +0 dagger. The beautiful wood nymph seduces you and you start taking off your helmet. The combat suddenly awakens you. The wood nymph steals a blessed +0 hard hat! [12 turns] You write with your fingers into the dust. The gold golem hits! (2x) [HP-7=4] You add with your fingers to the writing in the dust. The gold golem hits! (2x) You die... Pasawahan looks at your corpse, shakes her head, and sighs. Final status: Aloha Jonadab the Tourist... You died in The Gnomish Mines on dungeon level 6 with 8562 points, and 1800 pieces of gold, after 6944 moves. You were level 8 with a maximum of 62 hit points when you died.